 Dungeon Crawl Stone Soup version 0.32-a0-42-ga30500b4d3 (webtiles) character file.

Game seed: 6267261546295576986

11 Atlas the Firebug (level 2, 0/19 HPs)
             Began as a Demonspawn Fire Elementalist on Jan 26, 2024.
             Slain by a rat (1 damage)
             ... on level 1 of the Dungeon.
             The game lasted 00:00:35 (427 turns).

Atlas the Firebug (Demonspawn Fire Elementalist)     Turns: 427, Time: 00:00:36

Health: 0/19       AC:  2    Str:  8    XL:     2   Next: 17%
Magic:  5/5        EV:  9    Int: 15    God:
Gold:   12         SH:  0    Dex: 15    Spells: 4/5 levels left

rFire   . . .        (no weapon)
rCold   . . .        (no shield)
rNeg    . . .        a - +0 robe
rPois   .            (no helmet)
rElec   .            (no cloak)
rCorr   .            (no gloves)
SInv    .            (no boots)
Will    .....        (no amulet)
Stlth   +++          f - ring of flight
HPRegen 0.23/turn    (no ring)
MPRegen 0.09/turn

%: no passive effects
@: flying, constricted
A: thin skeletal structure 1
a: no special abilities


You were on level 1 of the Dungeon.
You visited 1 branch of the dungeon, and saw 1 of its levels.

You collected 12 gold pieces.

Inventory:

Armour
 a - a +0 robe (worn)
Jewellery
 f - a ring of flight (left hand)
Scrolls
 d - a scroll of vulnerability {unknown}
 e - a scroll of blinking {unknown}
Potions
 b - 2 potions of magic
 c - a potion of heal wounds {unknown}
 g - a potion of cancellation {unknown}


   Skills:
 + Level 1.8 Dodging
 + Level 1.8 Stealth
 + Level 2.1 Spellcasting
 + Level 1.0 Conjurations
 + Level 3.1 Fire Magic


You had 4 spell levels left.
You knew the following spells:

 Your Spells              Type           Power      Damage    Failure   Level
a - Foxfire               Conj/Fire      28%        2x1d5     10%         1

Your spell library contained the following spells:

 Spells                   Type           Power      Damage    Failure   Level
 Scorch                   Fire           22%        2d5       9%          2
 Slow                     Hex            4%         N/A       22%         1
 Inner Flame              Hex/Fire       6%         N/A       34%         3
 Volatile Blastmotes      Fire/Tloc      12%        2d11      34%         3
 Confusing Touch          Hex            1%         N/A       54%         3
 Sigil of Binding         Hex            1%         N/A       54%         3
 Vampiric Draining        Necr           1%         2d6       54%         3
 Flame Wave               Conj/Fire      7%         2d5       67%         4


Dungeon Overview and Level Annotations

Branches:
Dungeon (1/15)

Altars:

Annotations:
D:1 1 transporter


Innate Abilities, Weirdness & Mutations

You have a somewhat thin skeletal structure. (Dex +2, Stealth+)


Message History

A rat is nearby!
A rat is nearby!
A kobold comes into view. It is wielding a +0 short sword.
The rat squeaks loudly.
A ball python comes into view.
Found a scroll labelled SELIAS EGELINU.
The ball python hisses angrily.
You hear an angry hiss.
A ball python comes into view.
The rat barely misses you. The rat misses you.
The ball python closely misses you. The ball python grabs you.
The ball python constricts you. The ball python closely misses you.
The ball python constricts you. The rat misses you.
The kobold hits you but does no damage. The ball python barely misses you.
The ball python constricts you. The ball python barely misses you.
The rat bites you. The kobold misses you. The ball python barely misses you.
The ball python constricts you. The ball python barely misses you.
The rat bites you. The kobold closely misses you. The ball python bites you.
The ball python constricts you. The ball python bites you.
The rat barely misses you. The kobold hits you but does no damage.
The ball python completely misses you. The ball python constricts you.
The ball python closely misses you. The rat barely misses you.
The ball python closely misses you. The ball python constricts you.
The kobold barely misses you. The ball python barely misses you.
The ball python barely misses you. The ball python constricts you.
The rat bites you but does no damage. The ball python bites you.
The kobold hits you with a +0 short sword.
The ball python bites you but does no damage.
The ball python constricts you. The ball python bites you.
* * * LOW HITPOINT WARNING * * *
The rat bites you but does no damage. The kobold barely misses you.
The ball python bites you.
* * * LOW HITPOINT WARNING * * *
The ball python constricts you.
Unknown command.
The ball python bites you.
* * * LOW HITPOINT WARNING * * *
The rat bites you.
You die...

........... ........ .....
#..# # #.# .## ####
#.###.... #..###.#...#
#....SrS.##...
#.###.@K...... ##.#
####>..... ## #..# #..... #.
##.## .#... #. #).# .... .
#########.## #.....
..........# ##### .....
........######...### ...#...
...................##...#...
...#


You could see 2 ball pythons, a kobold and a rat.

Vanquished Creatures
  A dart slug (D:1)
  A bat (D:1)
  An endoplasm (D:1)
  3 goblins (D:1)
  A ball python (D:1)
  A frilled lizard (D:1)
  A kobold (D:1)
9 creatures vanquished.

Vanquished Creatures (others)
  34 foxfires (D:1)
34 creatures vanquished.

Grand Total: 43 creatures vanquished

Notes
Turn   | Place    | Note
-------+----------+-------------------------------------------
     0 | D:1      | Atlas the Demonspawn Fire Elementalist began the quest for
                  | the Orb.
     0 | D:1      | Reached XP level 1. HP: 13/13 MP: 3/3
   233 | D:1      | Reached skill level 3 in Fire Magic
   305 | D:1      | Gained mutation: You have a somewhat thin skeletal
                  | structure. (Dex +2, Stealth+) [demonic ancestry]
   305 | D:1      | Reached XP level 2. HP: 19/19 MP: 0/5
   427 | D:1      | Slain by a rat

Illustrated notes

Levels and vault maps discovered:
D:1:      spicycebolla_arrival_risky_transporter, layout_rooms

Skill      XL: |  1 |
---------------+----+-----
Fire Magic     | 3 |  3.1
Dodging        | |  1.8
Stealth        | |  1.8
Spellcasting   | |  2.1
Conjurations   | |  1.0

Action                     || total
---------------------------++-------
  Melee: Unarmed           ||     5
   Cast: Foxfire           ||    18
 Armour: Robe              ||    17
  Dodge: Dodged            ||    22

Table legend: (Time is in decaauts)
 A = Elapsed time spent in this place.
 B = Non-inter-level travel time spent in this place.
 C = Inter-level travel time spent in this place.
 D = Time resting spent in this place.
 E = Time spent auto-exploring this place.
 F = Levels seen in this place.
 G = Mean time per level.
                   A        B        C        D        E       F      G
               +--------+--------+--------+--------+--------+-----+--------+
         Total |    426 |    426 |      0 |      0 |    346 |   1 |  426.0 |
       Dungeon |    426 |    426 |      0 |      0 |    346 |   1 |  426.0 |
               +--------+--------+--------+--------+--------+-----+--------+

Top non-repeatable levels by time:
     D:1: 426 daAuts
